 Dungeon Crawl Stone Soup version 0.29-a0-472-ge5599a681e (webtiles) character file.

Game seed: 11500597579003052159

368 ytrimaz the Insei (level 6, 0/57 HPs)
             Began as an Octopode Transmuter on May 22, 2022.
             Slain by Dowan
             ... wielding a +0 dagger
              (3 damage)
             ... on level 5 of the Dungeon.
             The game lasted 00:05:56 (4951 turns).

ytrimaz the Insei (Octopode Transmuter)             Turns: 4951, Time: 00:05:56

Health: 0/57       AC:  6    Str:  9    XL:     6   Next: 69%
Magic:  6/10       EV: 19    Int: 18    God:
Gold:   293        SH:  0    Dex: 17    Spells: 2/11 levels left

rFire   + . .      SeeInvis .     - Unarmed
rCold   . . .      Faith    .   (shield currently unavailable)
rNeg    . . .      Spirit   .   (helmet currently unavailable)
rPois   x          Reflect  .   (no amulet)
rElec   .          Harm     .   d - ring of protection from fire
rCorr   .          Rampage  .   e - +4 ring of protection
Will    .....                   (no ring)
Stlth   ..........              (no ring)
HPRegen 0.19/turn               (no ring)
MPRegen 0.12/turn               (no ring)
                                (no ring)
                                (no ring)

@: berserking, spider-form (expiring), wereblooded, very quick
A: venomous fangs, almost no armour, (amphibious), 8 rings, tiny, (camouflage
1), (gelatinous body 1), (nimble swimmer 1), (tentacles)
a: End Transformation


You were on level 5 of the Dungeon.
You were a venomous arachnid creature.
You visited 1 branch of the dungeon, and saw 5 of its levels.

You collected 293 gold pieces.

Inventory:

Jewellery
 d - a ring of protection from fire (left front leg)
 e - a +4 ring of protection (right front leg)
Scrolls
 a - 2 scrolls of blinking
 g - a scroll of vulnerability {unknown}
Potions
 b - a potion of brilliance
 f - a potion of attraction {unknown}
 h - 2 potions of heal wounds {unknown}
 i - a potion of haste
 l - 2 potions of mutation {unknown}


   Skills:
 - Level 1.0 Fighting
 - Level 2.0 Dodging
 * Level 4.8 Stealth
 + Level 4.9 Unarmed Combat
 + Level 3.2 Spellcasting
 + Level 3.2 Transmutations
 + Level 0.4 Poison Magic


You had 2 spell levels left.
You knew the following spells:

 Your Spells              Type           Power      Damage    Failure   Level
a - Spider Form           Tmut/Pois      9%         N/A       43%         3
b - Wereblood             Tmut           14%        N/A       17%         2
c - Ice Form              Ice/Tmut       8%         N/A       82%         4

Your spell library contained the following spells:

 Spells                   Type           Power      Damage    Failure   Level
 Beastly Appendage        Tmut           28%        N/A       13%         1
 Magic Dart               Conj           8%         1d3       34%         1
 Blink                    Tloc           4%         N/A       45%         2
 Call Imp                 Summ           2%         N/A       45%         2
 Mephitic Cloud           Conj/Pois/Air  3%         N/A       63%         3
 Manifold Assault         Tloc           2%         N/A       100%        5
 Storm Form               Tmut/Air       4%         N/A       100%        7


Dungeon Overview and Level Annotations

Branches:
Dungeon (5/15)
 Temple: D:4-7

Altars:

Annotations:
D:5 Dowan


Innate Abilities, Weirdness & Mutations

You are a venomous arachnid creature.
You have poisonous fangs.
You are tiny and dextrous.
Your spellcasting is less reliable in this form.
Your armour is entirely melded.
You are incapable of wielding weapons or throwing items.
You cannot wear most types of armour.
((You are amphibious.))
You can wear up to eight rings at the same time.
((Your skin changes colour to match your surroundings (Stealth+).))
((Your rubbery body absorbs attacks. (AC +1, EV +1)))
((You are camouflaged when in or above water. (Stealth+)))
((You have tentacles for arms and can constrict up to eight enemies at once.))


Message History

Duvessa hits you with a +0 short sword.
You barely miss Duvessa.
Duvessa is severely wounded.
Duvessa says, "My weaknesses are his strengths!"
Duvessa hits you with a +0 short sword!
* * * LOW HITPOINT WARNING * * *
A red film seems to cover your vision as you go berserk!
You feel yourself moving faster!
You feel mighty! Duvessa completely misses you.
You barely miss Duvessa.
Duvessa is severely wounded.
Duvessa closely misses you.
You completely miss Duvessa.
Duvessa is severely wounded.
You hit Duvessa.
Duvessa is severely wounded.
Your transformation is almost over.
Duvessa completely misses you.
You barely miss Duvessa.
Duvessa is almost dead.
Dowan points at Duvessa and mumbles some strange words.
Duvessa seems to speed up.
Duvessa hits you with a +0 short sword!
* * * LOW HITPOINT WARNING * * *
You bite Duvessa!
You feel a bit better.
You kill Duvessa!
Dowan screams, "No!
Oh no!"
Dowan seems to find hidden reserves of power!
Unknown command.
Dowan closely misses you. Dowan barely misses you.
Things that are here:
a +0 short sword; a +0 leather armour; a dark potion You hit Dowan.
Dowan is moderately wounded.
You bite Dowan!
Dowan looks as sick as possible!
Dowan is severely wounded.
Dowan closely misses you.
You barely miss Dowan.
Dowan is almost dead.
Dowan hits you with a +0 dagger.
You die...

#..#####....#
#...........#
#####..<###......
........###......
#####.......#.###
#.......# #
#...#.###.#
########.........#
#....es/.....#####
#.########.### #.#
#.# #(# #.# #.#
#.#


You could see Dowan (fast, extremely poisoned).

Vanquished Creatures
  Duvessa (D:5)
  A jelly (D:4)
  An iguana (D:4)
  Natasha (thrice) (D:3)
  4 adders
  An ufetubus (D:4)
  2 dart slugs
  4 orcs
  8 ball pythons
  6 bats
  10 endoplasms
  3 giant cockroaches
  7 goblins
  11 hobgoblins
  2 quokkas
  4 frilled lizards
  7 kobolds
  7 rats
82 creatures vanquished.

Vanquished Creatures (others)
  8 fungi (D:4)
8 creatures vanquished.

Grand Total: 90 creatures vanquished

Notes
Turn   | Place    | Note
-------+----------+-------------------------------------------
     0 | D:1      | ytrimaz the Octopode Transmuter began the quest for the
                  | Orb.
     0 | D:1      | Reached XP level 1. HP: 13/13 MP: 3/3
   308 | D:1      | Reached XP level 2. HP: 5/18 MP: 3/5
   619 | D:1      | Learned a level 2 spell: Wereblood
   823 | D:1      | Reached XP level 3. HP: 13/23 MP: 6/6
  1161 | D:1      | Reached skill level 1 in Stealth
  1249 | D:1      | Learned a level 3 spell: Spider Form
  1555 | D:2      | Found a faded altar of an unknown god.
  2597 | D:3      | Reached XP level 4. HP: 19/28 MP: 5/7
  2766 | D:3      | Noticed Natasha
  2773 | D:3      | Killed Natasha
  2778 | D:3      | Noticed Natasha
  2784 | D:3      | Killed Natasha
  2929 | D:3      | Reached XP level 5. HP: 33/33 MP: 5/8
  3040 | D:3      | Noticed Natasha
  3063 | D:3      | Killed Natasha
  3206 | D:3      | Learned a level 4 spell: Ice Form
  4557 | D:4      | Reached XP level 6. HP: 37/38 MP: 10/10
  4915 | D:5      | Entered Level 5 of the Dungeon
  4929 | D:5      | Noticed Duvessa
  4932 | D:5      | Noticed Dowan
  4946 | D:5      | HP: 1/57 [Duvessa/+0 short sword (9)]
  4947 | D:5      | Killed Duvessa
  4951 | D:5      | Slain by Dowan

Illustrated notes

Levels and vault maps discovered:
D:1:      dpeg_arrival_snail, layout_basic
D:2:      layout_rooms, dreamdust_ecumenical_altar_statues
D:3:      layout_basic, minmay_surrounded, uniq_natasha
D:4:      layout_rooms, serial_aquarium, aquarium_bridge_long_joined
          [aquarium_subvault_balcony, aquarium_subvault_bridge,
          aquarium_subvault_bridge, aquarium_subvault_bridge,
          aquarium_subvault_bridge, aquarium_subvault_window],
          aquarium_bridge_square [aquarium_subvault_bridge,
          aquarium_subvault_wall, aquarium_subvault_window,
          aquarium_subvault_bridge], aquarium_window_corridor_3,
          aquarium_window_corner, aquarium_view_2c, aquarium_view_2d,
          aquarium_balcony_double_4
D:5:      layout_loops_ring, minmay_temple_entry_stoned_glass, uniq_grinder,
          uniq_duvessa

Skill      XL: |  1  2  3  4  5  6 |
---------------+-------------------+-----
Stealth        | 1 2 3 4 |  4.8
Unarmed Combat | 4 |  4.9
Spellcasting   | 3 |  3.2
Transmutations | 3 |  3.2
Fighting       | |  1.0
Dodging        | |  2.0
Poison Magic   | |  0.4

Action                   |  1- 3 |  4- 6 || total
-------------------------+-------+-------++-------
Melee: Unarmed           |    89 |   106 ||   195
       Tentacles         |    15 |    15 ||    30
       Constrict         |    19 |    19 ||    38
       Kick              |    18 |     7 ||    25
       Punch             |     1 |     3 ||     4
 Cast: Beastly Appendage |    15 |     4 ||    19
       Wereblood         |     1 |    10 ||    11
       Spider Form       |       |     4 ||     4
  Use: Potion            |     1 |     3 ||     4
       Scroll            |     1 |     7 ||     8
 Stab: Sleeping          |     2 |     3 ||     5
Armor: Skin              |    16 |    18 ||    34
Dodge: Dodged            |    74 |    81 ||   155

Table legend: (Time is in decaauts)
 A = Elapsed time spent in this place.
 B = Non-inter-level travel time spent in this place.
 C = Inter-level travel time spent in this place.
 D = Time resting spent in this place.
 E = Time spent auto-exploring this place.
 F = Levels seen in this place.
 G = Mean time per level.
                   A        B        C        D        E       F      G
               +--------+--------+--------+--------+--------+-----+--------+
         Total |   4933 |   4811 |    122 |   1325 |   2786 |   5 |  986.6 |
       Dungeon |   4933 |   4811 |    122 |   1325 |   2786 |   5 |  986.6 |
               +--------+--------+--------+--------+--------+-----+--------+

Top non-repeatable levels by time:
     D:1: 1543 daAuts
     D:3: 1455 daAuts
     D:4: 1171 daAuts
     D:2: 731 daAuts
     D:5: 32 daAuts
